[Event "*** Titled Tuesday Blitz"]
[Site "Chess.com"]
[Date "2020.05.05"]
[Round "3"]
[White "Quattroporte300"]
[Black "Kaliopa"]
[Result "1-0"]
[WhiteElo "2323"]
[BlackElo "2085"]
[TimeControl "180+1"]
[EndTime "10:30:28 PDT"]
[Termination "Quattroporte300 won on time"]

1. e4 c5 2. Nf3 d6 3. d4 cxd4 4. Nxd4 Nf6 5. Nc3 a6 6. h3 e6 7. g4 Be7 8. g5 Nfd7 9. h4 b5 10. Be3 Bb7 11. Bg2 Nc6 12. Nxc6 Bxc6 13. Qd4 O-O 14.
O-O-O Rb8 15. f4 b4 16. Ne2 e5 17. Qd2 Qa5 18. Kb1 Nc5 19. Bxc5 dxc5 20. Nc1 c4 21. Qe2 c3 22. Nb3 Qb6 23. f5 f6 24. g6 h6 25. Qc4+ Kh8 26. Qe6 Rbe8 27. Na5 Qxa5 28. Qxc6 cxb2 29. Rd5 Qa3 30. Rhd1 Rc8 31. Qe6 Qc3 32.
R5d2 Bc5 33. Bf1 Be3 34. Rg2 Bd4 35. Bd3 Rc5 36. Qe7 Rfc8 37. Bxa6 Rb8 38. Rgd2 Ra5 39. Qd6 Ra8 40. Rxd4 exd4 41. Rxd4 Qe1+ 42. Rd1 Qxd1+ 43. Qxd1 R5xa6 44. Kxb2 Rxa2+ 45. Kb3 R8a3+ 46. Kxb4 Ra4+ 47. Kb5 Ra5+ 48. Kb4 R2a4+ 49. Kc3 Ra3+ 50. Kb4 R3a4+ 51. Kb3 Ra3+ 52. Kb2 Ra2+ 53. Kc3 R2a3+ 54. Kd2 1-0

[Event "*** Titled Tuesday Blitz"]
[Site "Chess.com"]
[Date "2020.05.05"]
[Round "3"]
[White "BillieKimbah"]
[Black "ManuDavid2910"]
[Result "1/2-1/2"]
[WhiteElo "2861"]
[BlackElo "2631"]
[TimeControl "180+1"]
[EndTime "10:30:29 PDT"]
[Termination "Game drawn by repetition"]

1. d4 Nf6 2. c4 e6 3. Nf3 d5 4.
g3 c5 5. cxd5 exd5 6. Bg2 Nc6 7.
O-O Bg4 8. Ne5 cxd4 9. Nxg4 Nxg4 10. e3 Nf6 11. exd4 Be7 12. Nc3 O-O 13. Re1 h6 14.
Bf4 Qd7 15. Qd2 Kh7 16. Rad1 Rad8 17. Be5 Qf5 18. h3 Bb4 19. a3 Bxc3 20. Qxc3 Ne4 21.
Qe3 Rfe8 22. Qf4 Qxf4 23. Bxf4 Nf6 24. Be5 Kg6 25. Bf1 Ne4 26. Kg2 f6 27. Bf4 Kf7 28. f3 Ng5 29. h4 Ne6 30. Be3 Re7 31. Bf2 Rde8 32. Bb5 Rc8 33. Kf1 a6 34. Ba4 Kf8 35.
h5 Ng5 36. Kg2 Rce8 37. Rxe7 Rxe7 38. Bb3 Re2 39. Bxd5 Rxb2 40. f4 Ne7 41. Bxb7 Rxb7 42. fxg5 hxg5 43. d5 Rd7 44. Bc5 Kf7 45. d6 Nf5 46. g4 Nh4+ 47. Kf2 f5 48. gxf5 Nxf5 49. Kf3 Ke6 50. Kg4 Nxd6 51. Rxd6+ Rxd6 52. Bxd6 Kxd6 53. Kxg5 Ke7 54. Kg6 Kf8 55. a4 a5 56. Kf5 Kg8 57.
Kg6 Kf8 58. Kg5 Kg8 59. Kf5 Kh7 60. Kg5 Kg8 61. Kg6 Kf8 1/2-1/2

[Event "*** Titled Tuesday Blitz"]
[Site "Chess.com"]
[Date "2020.05.05"]
[Round "3"]
[White "Skatchkov_V"]
[Black "Filip_Covic"]
[Result "1-0"]
[WhiteElo "2554"]
[BlackElo "2352"]
[TimeControl "180+1"]
[EndTime "10:30:29 PDT"]
[Termination "Skatchkov_V won by checkmate"]

1. d4 Nf6 2. Nf3 e6 3. c4 Bb4+ 4. Nbd2 b6 5. a3 Bxd2+ 6. Qxd2 O-O 7. g3 Ba6 8. Qc2 Bb7 9. Bg2 Be4 10. Qb3 d6 11.
O-O Nbd7 12. Bg5 a5 13. Rad1 a4 14. Qc3 h6 15. Bc1 Qe7 16. Rfe1 Rfe8 17. Bf1 Bb7 18. Nd2 Ne4 19. Nxe4 Bxe4 20. f3 Bb7 21. e4 e5 22. Be3 Qf8 23. Bh3 Bc8 24. Bxd7 Bxd7 25.
c5 exd4 26. Bxd4 bxc5 27. Bxc5 Be6 28. Bd4 Bb3 29. Rc1 c5 30. Be3 Qe7 31. Re2 Qe6 32. Rd2 Ra6 33. Bf4 Rd8 34. Qd3 Rc6 35. Kg2 d5 36.
Qb5 d4 37. Rxc5 Rxc5 38. Qxc5 d3 39. Qc3 Bc2 40. Be3 Rc8 41. Qd4 Qa2 42. f4 Qb1 43. e5 Qa2 44. f5 Qb3 45. f6 Qb7+ 46. Kf2 Qc7 47. Qg4 g6 48. Qf4 g5 49. Qf5 Qc6 50.
Bxg5 hxg5 51. Qxg5+ Kf8 52. Qg7+ Ke8 53. Qg8+ Kd7 54.
Qxf7+ Kd8 55. Qe7# 1-0

[Event "*** Titled Tuesday Blitz"]
[Site "Chess.com"]
[Date "2020.05.05"]
[Round "3"]
[White "Juanovic"]
[Black "Char_dasha"]
[Result "1-0"]
[WhiteElo "2175"]
[BlackElo "2295"]
[TimeControl "180+1"]
[EndTime "10:30:29 PDT"]
[Termination "Juanovic won on time"]

1. e4 d5 2. exd5 Qxd5 3. d4 Nf6 4.
Nc3 Qd6 5. g3 g6 6. Bg2 Bg7 7.
Nge2 O-O 8. Bf4 Qd8 9. Qd2 c6 10.
Bh6 Bf5 11. Bxg7 Kxg7 12. h3 Nbd7 13. g4 Be6 14. O-O-O Qa5 15. Kb1 Nb6 16. b3 Qa3 17. Qc1 Qb4 18. Qb2 Nfd5 19. a3 Qa5 20. Nxd5 cxd5 21.
Nf4 Bd7 22. Rhe1 e6 23. h4 Rac8 24. Re3 Rc6 25. Nd3 Qc3 26. Qxc3 Rxc3 27. Ne5 Rxe3 28.
fxe3 Be8 29. h5 f6 30. Nd3 gxh5 31. gxh5 Bxh5 32. Rg1 Bg6 33. Nf4 Kf7 34. Bf1 Nd7 35.
Kb2 Rc8 36. Nxg6 hxg6 37. Bd3 f5 38. Rh1 Nf6 39. c4 g5 40. c5 Kg6 41. b4 g4 42.
b5 Kg5 43. a4 g3 44. a5 Kg4 45. Be2+ Kg5 46. Rg1 f4 47. Kc2 Rh8 48. Kd3 Ne4 49. exf4+ Kxf4 50. Rf1+ Nf2+ 51. Kc3 Rh2 52. c6 bxc6 53.
bxc6 Ke3 54. Ba6 Ne4+ 55. Kb4 Nd6 56. Kc5 g2 57. Rg1 Ne4+ 58. Kb4 Kf2 59. c7 Rh8 60. Rxg2+ Kxg2 61. c8=Q Rxc8 62. Bxc8 Ng5 63. Kc5 Kf3 64.
Kd6 Ke4 65. Kc5 1-0

[Event "*** Titled Tuesday Blitz"]
[Site "Chess.com"]
[Date "2020.05.05"]
[Round "3"]
[White "saikrishnaReturns"]
[Black "rynos0411"]
[Result "1-0"]
[WhiteElo "2596"]
[BlackElo "2381"]
[TimeControl "180+1"]
[EndTime "10:30:30 PDT"]
[Termination "saikrishnaReturns won by resignation"]

1. e4 e5 2. Nf3 Nc6 3. Bb5 a6 4. Ba4 Nf6 5. O-O Be7 6. Re1 b5 7. Bb3 O-O 8. h3 Bb7 9. Nc3 d6 10. a3 Na5 11. Ba2 c5 12. d3 Re8 13. Bg5 Nc6 14.
Bxf6 Bxf6 15. Nd5 Nd4 16. c3 Ne6 17. Nh2 Rc8 18. a4 Bxd5 19. Bxd5 Nf4 20. Ng4 Nxd5 21. exd5 Bg5 22. axb5 axb5 23. Ra7 Rc7 24. Qa1 Rxa7 25. Qxa7 Qa8 26. Qd7 Rd8 27. Qxb5 Qxd5 28. Ra1 e4 29. dxe4 Qxe4 30. Nh2 Bf4 31. Nf3 h6 32. Re1 Qf5 33. b4 g6 34. Qb6 Ra8 35. b5 Qc2 36. Qc6 Ra2 37. Rf1 Rb2 38. b6 Qb3 39. g3 Be5 40.
Nxe5 dxe5 41. Qxc5 Qxb6 42. Qxe5 Qe6 43. Qxe6 fxe6 44. Rc1 Kf7 45. Kg2 Ke7 46. Kf3 Kd6 47. Ke3 Ke5 48. f4+ Kd5 49. Kf3 Rb3 50. Kg4 Kd6 51.
h4 Ke7 52. h5 Kf6 53. hxg6 Kxg6 54. Re1 Kf6 55. Re3 Rb5 56. Kh4 Rc5 57. Kg4 Rd5 58. Kf3 Rc5 59. Ke4 Ke7 60. Kd4 Rc8 61. c4 Kd6 62.
c5+ Rxc5 63. Rxe6+ Kxe6 64. Kxc5 Kf5 65. Kd4 h5 66.
Ke3 Kg4 67. Ke4 h4 68. gxh4 Kxh4 69. f5 Kh5 70. Ke5 Kh6 71. Ke6 Kg7 72. Ke7 1-0

[Event "*** Titled Tuesday Blitz"]
[Site "Chess.com"]
[Date "2020.05.05"]
[Round "3"]
[White "Perimir"]
[Black "Yuri202062"]
[Result "0-1"]
[WhiteElo "2355"]
[BlackElo "2564"]
[TimeControl "180+1"]
[EndTime "10:30:30 PDT"]
[Termination "Yuri202062 won on time"]

1. e4 c5 2. Nf3 e6 3. d4 cxd4 4. Nxd4 a6 5. Nc3 d6 6. Be3 b5 7. Qd2 Bb7 8. f3 Ne7 9. a4 b4 10. Na2 a5 11. c3 bxc3 12. Nxc3 Nec6 13. Bb5 Be7 14. O-O O-O 15. Nb3 Nd7 16. Rad1 Qb8 17. Qf2 Rd8 18. Rd2 Nb4 19. Rfd1 d5 20. Nc5 Nxc5 21. Bxc5 Bxc5 22. Qxc5 Rc8 23. Qb6 dxe4 24. fxe4 Bc6 25. Qd4 h6 26. Rf1 Rd8 27. Qxd8+ Qxd8 28. Rxd8+ Rxd8 29. Bxc6 Nxc6 30. Rd1 Rxd1+ 31. Nxd1 Kf8 32.
Kf2 Ke7 33. Ke3 Kd6 34. Kd3 Kc5 35. Kc3 f5 36. Ne3 fxe4 37. Nc2 e5 38. Ne3 Nb4 39. b3 g6 40. Kd2 Kd4 41. Nc4 Nc6 42. Ke2 Kc3 43. Nd2 Nd4+ 44. Ke3 Nf5+ 45. Ke2 e3 46.
Nc4 Kxb3 47. Nxa5+ Kxa4 48. Nc4 Kb4 49. Nxe5 Kc3 50. Nxg6 Kd4 51. Nf4 Ke4 52. Ne6 h5 53. Nc5+ Kd5 54. Nb3 Kc4 0-1

[Event "*** Titled Tuesday Blitz"]
[Site "Chess.com"]
[Date "2020.05.05"]
[Round "3"]
[White "Alexander_Moskalenko"]
[Black "mortngabriel"]
[Result "1/2-1/2"]
[WhiteElo "2831"]
[BlackElo "2466"]
[TimeControl "180+1"]
[EndTime "10:30:32 PDT"]
[Termination "Game drawn - insufficient material"]

1. e4 c5 2. Nc3 Nc6 3. Bb5 Nd4 4. Bc4 e6 5. Nf3 Nf6 6. O-O a6 7. d3 b5 8. Bb3 Nxb3 9. axb3 Bb7 10. Re1 d6 11. e5 dxe5 12. Nxe5 Be7 13. Bg5 O-O 14. Qe2 Nd5 15. Bxe7 Qxe7 16. Qg4 Rad8 17. Nxd5 Rxd5 18. Re3 Rd4 19. Qg3 Rfd8 20. Rae1 Qh4 21. Qxh4 Rxh4 22. c3 Bd5 23. g3 Rh5 24. Ra1 Ra8 25.
c4 Bb7 26. Ra5 f6 27. Nd7 Rd8 28. cxb5 Rxd7 29. bxa6 Ba8 30. a7 Kf7 31. b4 Rhd5 32. bxc5 Rxd3 33. Rxd3 Rxd3 34. f4 Rb3 35. c6 Rxb2 36. Rc5 Ra2 37. c7 Bb7 38. Rb5 Bc8 39. Rb8 Rxa7 40. Rxc8 h5 41. h3 Ra1+ 42. Kf2 Rc1 43. Ke3 Rc2 44. Kd3 Rc1 45. g4 Rc5 46.
Kd4 Rc6 47. f5 Rc1 48. fxe6+ Ke7 49. Rg8 Rxc7 50. Rxg7+ Kd6 51. Rxc7 Kxc7 52. Ke4 Kd6 53. Kf5 hxg4 54. hxg4 Ke7 55. Kf4 Kxe6 56. g5 fxg5+ 57. Kxg5 1/2-1/2

[Event "*** Titled Tuesday Blitz"]
[Site "Chess.com"]
[Date "2020.05.05"]
[Round "3"]
[White "Lupul_Cenusiu"]
[Black "annamaja"]
[Result "1/2-1/2"]
[WhiteElo "2520"]
[BlackElo "2309"]
[TimeControl "180+1"]
[EndTime "10:30:32 PDT"]
[Termination "Game drawn by stalemate"]

1. d4 Nf6 2. c4 e6 3. Nc3 Bb4 4. Bd2 O-O 5. Nf3 d5 6. e3 b6 7. cxd5 exd5 8. Be2 Re8 9. Ne5 Bxc3 10. Bxc3 Ne4 11.
Bf3 Bb7 12. Qb3 Qf6 13. O-O h6 14. Rac1 Na6 15. Qa3 Nxc3 16. bxc3 c5 17. c4 cxd4 18. exd4 Nc7 19. Rfd1 a5 20. Qb2 Rad8 21. c5 b5 22. h3 b4 23. a3 Na6 24. Be2 Rb8 25. Nd7 Qe7 26. Nxb8 Qxe2 27. Qxe2 Rxe2 28. c6 Bc8 29. Nxa6 Bxa6 30. c7 Bc8 31. axb4 axb4 32. Rb1 Rc2 33. Rdc1 Rxc1+ 34. Rxc1 Kf8 35. Rb1 Ke7 36. Rxb4 Kd7 37. Rb5 Kxc7 38. Rxd5 Be6 39. Rc5+ Kd6 40. f3 Bd7 41.
Kf2 Be6 42. Ke3 Ba2 43. g4 Be6 44. f4 g6 45. Ra5 Ke7 46. d5 Bd7 47. Ra6 h5 48. gxh5 gxh5 49. h4 Bg4 50. Kd4 Kd7 51. Ke5 Be2 52. Ra7+ Ke8 53. Kf6 Bc4 54. d6 Be6 55.
Re7+ Kd8 56. Rxe6 fxe6 57. Kxe6 Ke8 58. f5 Kf8 59. d7 Kg7 60. d8=Q Kh6 61. Qe7 1/2-1/2

[Event "*** Titled Tuesday Blitz"]
[Site "Chess.com"]
[Date "2020.05.05"]
[Round "3"]
[White "xamax2000"]
[Black "louis198"]
[Result "0-1"]
[WhiteElo "2711"]
[BlackElo "2537"]
[TimeControl "180+1"]
[EndTime "10:30:33 PDT"]
[Termination "louis198 won by resignation"]

1. e4 e6 2. d4 d5 3. Nc3 dxe4 4. Nxe4 Bd7 5. Nf3 Bc6 6. Bd3 Nd7 7. O-O Ngf6 8. Ned2 g6 9. Nc4 Bg7 10. Na5 O-O 11.
Nxc6 bxc6 12. Qe2 c5 13. dxc5 Nxc5 14. Bc4 Nb7 15. Rd1 Nd6 16. Ne5 Nfe4 17. Nf3 Qe7 18.
Bb3 Nc5 19. c3 Nxb3 20. axb3 a5 21. Be3 Rfb8 22. Ra3 Nf5 23. Rda1 Nxe3 24. Qxe3 Qd6 25. b4 a4 26. Nd2 Rd8 27. Ne4 Qd1+ 28. Qe1 Qc2 29.
R3a2 h6 30. h3 Rd5 31. Nc5 Bf8 32. b3 Qf5 33. Nxa4 Rad8 34. Qe2 Bg7 35. Re1 Rd3 36. Rc2 h5 37. Rec1 h4 38. Nc5 R3d5 39. Re1 Bh6 40.
Qe4 Qf6 41. f3 Rd2 42. Re2 Rd1+ 43. Kf2 Bf4 44. g4 hxg3+ 45. Kg2 Ra1 46. Ra2 Rxa2 47. Rxa2 Bd6 48. Qc2 Bxc5 49. bxc5 Qf4 50. b4 Qe3 51. Qe2 Qxc3 52. b5 Qxc5 53. Rd2 Rxd2 54. Qxd2 Qxb5 55. Kxg3 Qe5+ 56. f4 Qd6 57. Qc3 c5 58. h4 Qd4 59. Qxd4 cxd4 60. Kf3 f6 61. Ke4 e5 0-1

[Event "*** Titled Tuesday Blitz"]
[Site "Chess.com"]
[Date "2020.05.05"]
[Round "3"]
[White "MoreChessJulia"]
[Black "atwalcb"]
[Result "0-1"]
[WhiteElo "1787"]
[BlackElo "2241"]
[TimeControl "180+1"]
[EndTime "10:30:34 PDT"]
[Termination "atwalcb won on time"]

1. d4 d6 2. c4 e5 3. e3 f5 4.
g3 Nf6 5. Bg2 Nbd7 6. Nh3 c6 7.
f3 h6 8. O-O Be7 9. Nf2 O-O 10.
f4 e4 11. Nc3 b6 12. d5 cxd5 13. Nxd5 Bb7 14. Nxe7+ Qxe7 15. b3 Nc5 16. Bb2 Rfd8 17. Qd4 Ne6 18. Qc3 Rac8 19. Rfd1 d5 20. Bf1 Qc5 21.
Qe5 Qd6 22. Qxf5 Nf8 23. Be5 Qe7 24. cxd5 Nxd5 25. Rxd5 Bxd5 26. Rd1 Be6 27. Qxe4 Rxd1 28. Nxd1 Qd7 29. Nf2 Rc1 30. Qd4 Qc6 31. Bxg7 Qb5 32. Nd3 Rd1 33. Bxf8 Kxf8 34. Qf6+ Bf7 35. Qh8+ Ke7 36.
Qe5+ Qxe5 37. Nxe5 Ra1 38. Kf2 Rxa2+ 39. Kf3 Rxh2 40.
Bc4 Bxc4 41. Nxc4 Rc2 42. e4 Rc3+ 43. Kg4 Rxb3 44. e5 Rc3 45. Nd6 a5 46. Nf5+ Ke6 47. Nxh6 Rc4 48. Kf3 a4 49. Ng4 a3 50. Ne3 a2 51. f5+ Ke7 0-1

[Event "*** Titled Tuesday Blitz"]
[Site "Chess.com"]
[Date "2020.05.05"]
[Round "3"]
[White "Oligan22"]
[Black "GM_DarwinLaylo"]
[Result "1-0"]
[WhiteElo "2358"]
[BlackElo "2518"]
[TimeControl "180+1"]
[EndTime "10:30:35 PDT"]
[Termination "Oligan22 won on time"]

1. e4 d5 2. exd5 Nf6 3. Nf3 Nxd5 4. d4 Bf5 5. c4 Nb6 6. Nc3 e6 7. Be2 Be7 8. Be3 O-O 9. h3 Nc6 10. O-O Qd7 11. a3 Rad8 12. b4 Bf6 13. Qb3 Nxd4 14.
Nxd4 Bxd4 15. Rad1 e5 16. Bxd4 exd4 17. Nb5 d3 18.
Bf3 c6 19. Nxa7 Qd4 20. c5 Nc4 21. b5 Qxc5 22. bxc6 Na5 23. Qb5 Qxb5 24. Nxb5 bxc6 25. Nc3 c5 26. Nd5 Bg6 27. Rc1 c4 28. Rfd1 Rd6 29. Ne3 Rc8 30. Rc3 Rd4 31. Bd5 Kf8 32. g4 h6 33. Kf1 Be4 34. Bxe4 Rxe4 35. Rdxd3 Rc6 36.
Rd8+ Ke7 37. Ra8 g6 38. Rxa5 Rd4 39. Ke2 Kf6 40. Ra4 Rcd6 41. Raxc4 Rd2+ 42. Kf3 Ra2 43. Rc6 Rxc6 44. Rxc6+ Kg7 45. Ra6 h5 46. Ra7 h4 47.
g5 Ra1 48. Ng4 Rh1 49. Kg2 1-0

[Event "*** Titled Tuesday Blitz"]
[Site "Chess.com"]
[Date "2020.05.05"]
[Round "3"]
[White "GianmarcoVaR"]
[Black "Manukyan_Artak"]
[Result "1-0"]
[WhiteElo "2536"]
[BlackElo "2340"]
[TimeControl "180+1"]
[EndTime "10:30:35 PDT"]
[Termination "GianmarcoVaR won by resignation"]

1. d4 Nf6 2. c4 e6 3. Nf3 b6 4. g3 Bb7 5. Bg2 c5 6. d5 exd5 7. Nh4 g6 8. Nc3 Bg7 9. O-O O-O 10. cxd5 d6 11. h3 Na6 12. Re1 Nc7 13. a4 a6 14.
Qb3 b5 15. e4 b4 16. Nd1 Re8 17. Bd2 a5 18. Qc2 Nd7 19. Ne3 Nb6 20. Rab1 Rc8 21. b3 Na6 22. Bf1 c4 23. Nxc4 Nxc4 24. Bxc4 Nc5 25. Nf3 Ba6 26. Bg5 Bf6 27. Bxf6 Qxf6 28. Nd2 Nd7 29. Qd1 Bxc4 30. Nxc4 Ne5 31. Nxe5 Qxe5 32. Rc1 Rc3 33. Rxc3 bxc3 34. Qd3 Rc8 35. Rc1 g5 36. Kg2 h5 37. Qe3 c2 38. Kf1 f6 39. Qd2 Qb2 40. e5 Qxe5 41. Rxc2 Rxc2 42. Qxc2 Qxd5 43. Qg6+ Kf8 44. Qxf6+ Ke8 45. Qh8+ Kd7 46.
Qg7+ Kc6 47. Qc3+ Qc5 48. Qxc5+ Kxc5 49. Ke2 Kb4 50. f4 gxf4 51. gxf4 Kc3 52. f5 d5 53. f6 d4 54. f7 d3+ 55. Kd1 Kxb3 56. f8=Q 1-0

[Event "*** Titled Tuesday Blitz"]
[Site "Chess.com"]
[Date "2020.05.05"]
[Round "3"]
[White "stolencandy13"]
[Black "AlexTriapishko"]
[Result "1/2-1/2"]
[WhiteElo "2548"]
[BlackElo "2742"]
[TimeControl "180+1"]
[EndTime "10:30:36 PDT"]
[Termination "Game drawn - insufficient material"]

1. e4 e5 2. Nf3 Nc6 3. Nc3 Nf6 4. d4 exd4 5. Nxd4 Bb4 6. Nxc6 bxc6 7. Bd3 d5 8. exd5 cxd5 9. O-O O-O 10. h3 c6 11.
Qf3 Re8 12. Bf4 Bd6 13. Ne2 Rb8 14. b3 Ne4 15. c4 Qf6 16. Rad1 Bxf4 17. Qxf4 Qxf4 18.
Nxf4 Nc3 19. Rde1 Bd7 20. cxd5 cxd5 21. Rc1 d4 22. Rc2 Re5 23. Ne2 Bf5 24. Nxd4 Bxd3 25.
Rxc3 Bxf1 26. Nc6 Re1 27. Nxb8 g6 28. Kh2 Ra1 29. a4 Rb1 30. Nc6 a6 31. b4 Kg7 32.
Rc5 Be2 33. Kg3 Bd1 34. b5 axb5 35. axb5 Be2 36. Nd4 Bd3 37. Rc3 Bxb5 38. Rb3 Rxb3+ 39. Nxb3 Bc4 40. Nd2 Bd5 41. f3 Kf6 42. Kf4 g5+ 43. Kg3 h5 44. h4 Kf5 45. hxg5 Kxg5 46. Nf1 h4+ 47. Kf2 Kf4 48. Ne3 Be6 49. Nf1 Bd5 50.
Ne3 Bc6 51. Nc2 f6 52. Nd4 Bd5 53. Ne2+ Kf5 54. g3 hxg3+ 55. Nxg3+ Ke5 56. Nh5 f5 57. Ng3 f4 58. Nh5 Bxf3 59. Kxf3 Kf5 60. Nxf4 1/2-1/2

[Event "*** Titled Tuesday Blitz"]
[Site "Chess.com"]
[Date "2020.05.05"]
[Round "3"]
[White "mfwagnerpeixoto"]
[Black "lucasmito"]
[Result "1/2-1/2"]
[WhiteElo "2196"]
[BlackElo "2420"]
[TimeControl "180+1"]
[EndTime "10:30:37 PDT"]
[Termination "Game drawn - insufficient material"]

1. e4 e5 2. Nf3 Nc6 3. d4 exd4 4. Nxd4 Nf6 5. Nc3 Bb4 6. Nxc6 bxc6 7. Bd3 d5 8. exd5 O-O 9. O-O cxd5 10. Bg5 c6 11.
Qf3 Be7 12. h3 h6 13. Bf4 Bd6 14. Rfe1 Rb8 15. Nd1 Rb4 16. Bxd6 Qxd6 17. c3 Rb8 18. Qe3 c5 19. Qe5 Qxe5 20. Rxe5 Be6 21. b3 c4 22. Bc2 Rfd8 23. Ne3 d4 24. cxd4 Rxd4 25. Nxc4 Bxc4 26. bxc4 Rxc4 27. Bb3 Rc7 28. Rae1 g5 29. Re7 Rbb7 30. Bxf7+ Kf8 31. Rxc7 Rxc7 32. Bb3 Kg7 33. Re6 a5 34. Kh2 Ra7 35. Ba4 Nd5 36. Re5 Nc3 37. Bb3 a4 38. Bc4 Rc7 39. Ba6 Rc6 40. Bb7 Rb6 41. Rc5 Nxa2 42.
Bd5 Nb4 43. Rc7+ Kf6 44. Bc4 a3 45. Ra7 Rc6 46. Bb3 Rc3 47. Rxa3 Ke5 48. Ra5+ Kd4 49. Bg8 Rc2 50. Ra7 Rxf2 51. Rd7+ Ke5 52. Kg3 Rf6 53. Rf7 Rxf7 54. Bxf7 Nd3 55. Kg4 Nf4 56. g3 Ng2 57.
Kh5 Kf6 58. Kxh6 Kxf7 59. Kxg5 Ne3 60. h4 Nf1 61. g4 Kg7 62. h5 Ne3 63. h6+ Kh7 64.
Kh5 Nxg4 65. Kxg4 Kxh6 1/2-1/2

[Event "*** Titled Tuesday Blitz"]
[Site "Chess.com"]
[Date "2020.05.05"]
[Round "3"]
[White "Balla_Tamas"]
[Black "Spring199"]
[Result "1-0"]
[WhiteElo "2559"]
[BlackElo "2356"]
[TimeControl "180+1"]
[EndTime "10:30:39 PDT"]
[Termination "Balla_Tamas won on time"]

1. e4 e5 2. Nf3 Nc6 3. d4 exd4 4. Nxd4 Nf6 5. Nxc6 bxc6 6. e5 Qe7 7. Qe2 Nd5 8. c4 Nb6 9. Nd2 a5 10. Qe3 g6 11. Bd3 Bg7 12. f4 O-O 13. Nf3 Ba6 14.
b3 a4 15. O-O d5 16. cxd5 Nxd5 17. Qe2 Qc5+ 18. Kh1 Bxd3 19. Qxd3 Nb4 20. Qc4 Qxc4 21.
bxc4 Rfd8 22. Bd2 c5 23. a3 Nd3 24. Rab1 Rab8 25. g3 Nf2+ 26. Kg2 Ne4 27. Be3 Bf8 28. Rxb8 Rxb8 29. Rd1 Rb2+ 30. Kf1 Be7 31. Rd7 Kf8 32. Rxc7 Ra2 33. g4 Rxa3 34. Ke2 f5 35. exf6 Bxf6 36.
Bxc5+ Nxc5 37. Rxc5 Ra2+ 38. Ke3 a3 39. Ra5 Ra1 40. Ne5 a2 41. Kf2 Be7 42. Kg2 Bb4 43. Ra8+ Ke7 44. Nc6+ Ke6 45. Nxb4 Rb1 46. Nxa2 Rb2+ 47.
Kg3 Kd6 48. Ra3 Kc5 49. Nc3 Kxc4 50. Ne4 Kd4 51. Ng5 Rb1 52. Nf3+ Kd5 53. Rd3+ Ke6 54. Ng5+ Ke7 55. Nxh7 Rg1+ 56. Kh3 Rf1 57. Rd4 Ke6 58. Ng5+ Ke7 59. Re4+ Kf8 60. Kh4 Kg7 61. h3 Rf2 62. Re7+ Kg8 63. Ne6 Re2 64. Kg5 Re3 65.
Kxg6 1-0

[Event "*** Titled Tuesday Blitz"]
[Site "Chess.com"]
[Date "2020.05.05"]
[Round "3"]
[White "SmirnovTimofey2000"]
[Black "Matibar"]
[Result "0-1"]
[WhiteElo "2530"]
[BlackElo "2803"]
[TimeControl "180+1"]
[EndTime "10:30:40 PDT"]
[Termination "Matibar won on time"]

1. e4 e5 2. Nf3 Nc6 3. Bb5 a6 4. Ba4 Nf6 5. O-O b5 6. Bb3 Bb7 7. Re1 Bc5 8. c3 d6 9. d4 Bb6 10. Bg5 h6 11. Bh4 g5 12. Bg3 Qe7 13. Bd5 O-O 14.
dxe5 dxe5 15. Bxc6 Bxc6 16. Nxe5 Bxe4 17. Nd2 Rad8 18.
Qc1 Ba8 19. Ng4 Qxe1+ 20. Qxe1 Nxg4 21. Nf3 Rfe8 22. Qf1 Bd5 23. b3 Bxf3 24. gxf3 Ne5 25. Kg2 Ng6 26. Rd1 f5 27. Rxd8 Rxd8 28. Qb1 Rf8 29.
Qd3 Kg7 30. h3 f4 31. Bh2 Rf6 32. Qd7+ Rf7 33. Qd5 Nh4+ 34. Kf1 Nf5 35. c4 bxc4 36. bxc4 Bd4 37. c5 Kg6 38. h4 Rf6 39. hxg5 hxg5 40.
Ke2 Ba1 41. Kf1 Nh4 42. Qd3+ Nf5 43. Kg2 Bd4 44. Kh3 Bxc5 45. Kg4 Bd6 46. Kh3 Kh5 47.
Kg2 Nh4+ 48. Kf1 Kh6 49. Qd5 Kg6 50. Qe4+ Nf5 51. Kg2 Kh6 52. Bg1 Nh4+ 53. Kf1 Ng6 54. Qd5 Ne5 55. Qe4 Re6 56. Qd5 Rf6 57. Kg2 Ng6 58.
Bh2 Bb4 59. Kf1 a5 60. Qb5 Nh4 61. Qd3 Re6 0-1

[Event "*** Titled Tuesday Blitz"]
[Site "Chess.com"]
[Date "2020.05.05"]
[Round "3"]
[White "vinniethepooh"]
[Black "Hikaru"]
[Result "0-1"]
[WhiteElo "2680"]
[BlackElo "3167"]
[TimeControl "180+1"]
[EndTime "10:30:41 PDT"]
[Termination "Hikaru won by resignation"]

1. d4 Nf6 2. c4 e6 3. Nc3 Bb4 4. f3 c5 5. d5 O-O 6. e4 b5 7. e5 Ne8 8. f4 exd5 9. cxd5 d6 10. Nf3 c4 11. Bd2 Nc7 12. a4 Bb7 13. axb5 Bxc3 14.
bxc3 Bxd5 15. Be3 dxe5 16. b6 axb6 17. Rxa8 Nxa8 18. fxe5 b5 19. Be2 Nc6 20. O-O Re8 21. Bf4 Nb6 22. Qb1 Na4 23. Rc1 Bxf3 24. Bxf3 Nxe5 25.
Qxb5 Nxf3+ 26. gxf3 Qb6+ 27. Qxb6 Nxb6 28. Kf2 Nd5 29. Bd2 Ra8 30. Rb1 Rc8 31. Rb5 Ne7 32. Rb7 Ng6 33. Be3 Ne5 34. Bd4 Nd3+ 35. Kg3 h6 36. h4 f6 37. Rd7 Nc1 38. Kg4 Ne2 39.
Kf5 Nxd4+ 40. Rxd4 Kh7 41. h5 Rc5+ 42. Kg4 Kg8 43. Rd7 Rg5+ 44. Kh4 Rf5 45. Kg4 Rg5+ 46.
Kh4 Re5 47. Rc7 Re3 48. Rxc4 Rxf3 49. Rc7 Rf4+ 50. Kg3 Rf5 51. Kg4 Rg5+ 52. Kh4 f5 53. c4 Rg4+ 54. Kh3 Rd4 55. Kg3 Rg4+ 56. Kh3 Rg5 57.
Kh4 f4 58. c5 f3 59. Rc8+ Kf7 60.
c6 f2 61. c7 Rc5 0-1

[Event "*** Titled Tuesday Blitz"]
[Site "Chess.com"]
[Date "2020.05.05"]
[Round "3"]
[White "etesungam"]
[Black "Fins0905"]
[Result "0-1"]
[WhiteElo "2401"]
[BlackElo "2658"]
[TimeControl "180+1"]
[EndTime "10:30:41 PDT"]
[Termination "Fins0905 won by checkmate"]

1. Nf3 d5 2. d4 Nf6 3. c4 c6 4. Nc3 dxc4 5. a4 Bf5 6. e3 e6 7. Bxc4 Bb4 8. Nh4 Bg4 9. Qb3 Qe7 10. h3 Bh5 11. g4 Bg6 12. Bd2 Nbd7 13. Nxg6 hxg6 14.
O-O-O O-O-O 15. g5 Nd5 16. e4 Nxc3 17. bxc3 Ba5 18. h4 Nb6 19. Be2 e5 20. dxe5 Qxe5 21. Qxf7 Rdf8 22. Qb3 Rxf2 23. Bg4+ Kb8 24. Rhf1 Rxf1 25.
Rxf1 Qxe4 26. Bd1 Rd8 27. Bc2 Qxh4 28. Rd1 Ka8 29. Bxg6 Qxa4 30. Qxa4 Nxa4 31. Kc2 Bxc3 32. Rh1 Bxd2 33. Rh7 Bxg5 34. Rxg7 Nb6 35. Bf5 Bf6 36. Rf7 Be5 37. Re7 Bd6 38. Re6 a5 39. Re4 Nd5 40.
Ra4 Bb4 41. Ra1 Ka7 42. Kb3 Kb6 43. Rh1 Nc3 44. Rh5 Nb5 45. Bc2 Nd4+ 46. Ka4 Nxc2 47. Rh3 Na3 48. Rh6 Nb5 49. Rh5 Rd3 50. Rh3 Nc3+ 51.
Kb3 Rxh3 52. Kc4 Rh4+ 53. Kb3 Nd5 54. Ka4 Bd6+ 55. Kb3 a4+ 56. Kb2 Kb5 57. Kc2 Rh3 58. Kb1 Kb4 59. Kc1 Rb3 60. Kd1 a3 61. Ke2 a2 62.
Kf2 a1=Q 63. Kg2 Qa2+ 64. Kg1 Rb1# 0-1

[Event "*** Titled Tuesday Blitz"]
[Site "Chess.com"]
[Date "2020.05.05"]
[Round "3"]
[White "AwesomeMango"]
[Black "Winehouse83"]
[Result "1-0"]
[WhiteElo "2242"]
[BlackElo "2511"]
[TimeControl "180+1"]
[EndTime "10:30:43 PDT"]
[Termination "AwesomeMango won on time"]

1. e4 c5 2. Nf3 e6 3. d4 cxd4 4. Nxd4 Nc6 5. Nc3 Qc7 6. g3 a6 7.
Bg2 Nf6 8. O-O h5 9. Re1 h4 10. Nxc6 bxc6 11. e5 hxg3 12. exf6 gxf2+ 13. Kxf2 gxf6 14. h3 d5 15. Qf3 Bc5+ 16. Kf1 a5 17.
Be3 Ba6+ 18. Ne2 Bd6 19. c4 Bxc4 20. Rac1 Rc8 21. b3 Ba6 22. Kg1 Rg8 23. Nd4 Qd7 24.
Qxf6 Be7 25. Qf4 c5 26. Nf5 Bg5 27. Qf3 Bxe3+ 28. Qxe3 d4 29. Qe5 Bb7 30. Re2 Qc6 31. Nd6+ Kd7 32. Nxb7 Qxb7 33. Rxc5 Qa6 34. Rxc8 Qxc8 35.
Qxd4+ Ke7 36. Qd2 Qc5+ 37. Kh1 Qc7 38. Qe1 Qf4 39. Rf2 Qh4 40. Re2 Qh6 41. Qf2 Rc8 42. Re1 Rc3 43. Qe2 Qf4 44. Qa6 Rg3 45. Qb7+ Kf8 46.
Rg1 Qe3 47. Qc8+ Kg7 48. Qc2 Rxh3+ 49. Bxh3+ Kf8 50. Qh2 Qe4+ 51. Bg2 Qe3 52. Qh8+ Ke7 53. Qb2 Kf8 54. Qc1 Qg3 55. Qc8+ Ke7 56. Qb7+ Kf6 57. Qf3+ Kg7 58. Qxg3+ Kf8 59. Bf3 Ke7 60. Qg8 f5 61. Rg7+ Kd6 62. Qf7 Ke5 63. Rg6 Kf4 64. Qxe6 1-0